 Dungeon Sprint DCSS version 0.29.1-1-gd02db6906a (webtiles) character file.

Game seed: 6702168431272790469

0 BigDaddyOpFi the Ducker (level 1, 0/16 HPs)
             Began as an Octopode Fighter on Sept 15, 2022.
             Slain by a black bear (1 damage)
             ... in the Dungeon (Sprint VI: "Thunderdome").
             The game lasted 00:00:30 (47 turns).

BigDaddyOpFi the Ducker (Octopode Fighter)            Turns: 47, Time: 00:00:31

Health: 0/16       AC:  1    Str: 18    XL:     1   Next: 10%
Magic:  1/1        EV: 14    Int: 16    God:
Gold:   20         SH:  5    Dex: 19    Spells: 0/0 levels left

rFire   . . .      SeeInvis .   a - +0 war axe
rCold   . . .      Faith    .   b - +0 buckler
rNeg    + . .      Spirit   .   (helmet restricted)
rPois   .          Reflect  .   p - amulet "Leaxkeb" {Acrobat Harm rElec Str+5 Dex-2}
rElec   +          Harm     +   n - ring of Devotion {Fly rN+}
rCorr   +          Rampage  .   o - ring of Moderation {Will- rCorr Str-5 Int+6 Dex+6}
Will    .....      NoTele   +   q - ring "Heill" {Wiz Str+3 Dex+4}
Stlth   +++.......              (no ring)
HPRegen 0.05/turn               (no ring)
MPRegen 0.07/turn               (no ring)
                                (no ring)
                                (no ring)

@: flying
A: almost no armour, amphibious, 8 rings, camouflage 1, gelatinous body 1,
(nimble swimmer 1), tentacles
a: no special abilities


You were in the Dungeon.
You visited 1 branch You collected 200 gold pieces.
You spent 180 gold pieces at shops.

Inventory:

Hand Weapons
 a - a +0 war axe (weapon)
Armour
 b - a +0 buckler (worn)
Jewellery
 n - the ring of Devotion (left tentacle) {Fly rN+}
   (You bought it in a shop in the Dungeon)

   [ring of flight]

   rN:        It protects you from negative energy.
   Fly:       It grants you flight.
 o - the ring of Moderation (right tentacle) {Will- rCorr Str-5 Int+6 Dex+6}
   (You bought it in a shop in the Dungeon)

   [ring of intelligence]

   Str:       It affects your strength (-5).
   Int:       It affects your intelligence (+6).
   Dex:       It affects your dexterity (+6).
   rCorr:     It protects you from acid and corrosion.
   Will:      It decreases your willpower.
 p - the amulet "Leaxkeb" (around mantle) {Acrobat Harm rElec Str+5 Dex-2}
   (You bought it in a shop in the Dungeon)

   [amulet of the acrobat]

   It increases your evasion while moving and waiting.
   Str:       It affects your strength (+5).
   Dex:       It affects your dexterity (-2).
   rElec:     It insulates you from electricity.
   Harm:      It increases damage dealt and taken.
 q - the ring "Heill" (on tentacle) {Wiz Str+3 Dex+4}
   (You bought it in a shop in the Dungeon)

   [ring of wizardry]

   It improves your spell success rate.
   Str:       It affects your strength (+3).
   Dex:       It affects your dexterity (+4).
Wands
 k - a wand of quicksilver (5)
 l - a wand of iceblast (5)
Scrolls
 i - 4 scrolls of blinking
 m - 3 scrolls of fog
Potions
 c - a potion of might
 d - a potion of curing
 e - 3 potions of heal wounds
 f - 4 potions of haste
 g - 2 potions of magic
 h - a potion of berserk rage
 j - a potion of resistance


   Skills:
 + Level 3.1 Fighting
 + Level 2.0 Axes
 + Level 3.1 Dodging
 + Level 3.1 Shields


You couldn't memorise any spells.
You didn't know any spells.
Your spell library was empty.

Dungeon Overview and Level Annotations

Branches:
Dungeon (1/1)

Altars:
Cheibriados
Fedhas
Trog
Uskayaw
Vehumet
Xom
The Shining One

Shops:
D *[?


Innate Abilities, Weirdness & Mutations

You cannot wear most types of armour.
You are amphibious.
You can wear up to eight rings at the same time.
Your skin changes colour to match your surroundings (Stealth+).
Your rubbery body absorbs attacks. (AC +1, EV +1)
((You are camouflaged when in or above water. (Stealth+)))
You have tentacles for arms and can constrict up to eight enemies at once.


Message History

You fly up into the air.
n - the ring of Devotion (left tentacle) {Fly rN+} You feel clever.
You feel weaker.
You feel agile.
o - the ring of Moderation (right tentacle) {Will- rCorr Str-5 Int+6 Dex+6} You start putting on your amulet.
You continue putting on the amulet "Leaxkeb" {Acrobat Harm rElec Str+5 Dex-2}. x5
You finish putting on the amulet "Leaxkeb" {Acrobat Harm rElec Str+5 Dex-2}.
You feel ready to tumble and roll out of harm's way.
You feel stronger.
You feel clumsy.
p - the amulet "Leaxkeb" (around mantle) {Acrobat Harm rElec Str+5 Dex-2} You feel stronger.
You feel agile.
q - the ring "Heill" (on tentacle) {Wiz Str+3 Dex+4} You start waiting.
Found a glowing golden altar of the Shining One.
Found a blossoming altar of Fedhas.
You start waiting.
A rat comes into view.
The rat completely misses you.
You hit the rat.
You kill the rat!
A black bear comes into view.
Found a snail-covered altar of Cheibriados.
You hit the black bear. Your grab misses the black bear.
The black bear is lightly wounded.
The black bear bites you!
Ouch! That really hurt!
The black bear claws you. You block the black bear's attack.
You feel much better. The black bear bites you!
Ouch! That really hurt!
The black bear misses you. The black bear claws you.
You barely miss the black bear. You grab the black bear.
The black bear is lightly wounded.
You constrict the black bear. The black bear bites you.
The black bear claws you.
* * * LOW HITPOINT WARNING * * *
The black bear claws you.
You die...

##.___......# ......
###∩........8.# .8...
##.............###.....
#⌠.........†###...#
#⌠..........# #.<.#
#⌠..........###...#
##.............###...
###∩........8.# .8...
##∩_...@h...# ......
######.8.........8.#
#⌠...........⌠#
###.........### _.....
_..... _..... .....


You could see a black bear.

Vanquished Creatures
  A rat (D)
1 creature vanquished.

Notes
Turn   | Place    | Note
-------+----------+-------------------------------------------
     0 | D        | BigDaddyOpFi the Octopode Fighter began the quest for the
                  | Orb.
     0 | D        | Reached XP level 1. HP: 16/16 MP: 1/1
     4 | D        | Found a bloodstained altar of Trog.
     4 | D        | Found a shimmering altar of Xom.
     5 | D        | Round 1.
     6 | D        | Found a hide-covered altar of Uskayaw.
     6 | D        | Found a radiant altar of Vehumet.
     7 | D        | Found Soetuqy's Identification Station.
     8 | D        | Found Muhihy's Jewellery.
     8 | D        | Found Mumutwaa's Advanced Armour.
    17 | D        | Bought a brightly glowing tin ring for 45 gold pieces
    17 | D        | Identified the ring of Devotion {Fly rN+} (You bought it in
                  | a shop in the Dungeon)
    17 | D        | Bought a clouded copper ring for 45 gold pieces
    17 | D        | Identified the ring of Moderation {Will- rCorr Str-5 Int+6
                  | Dex+6} (You bought it in a shop in the Dungeon)
    17 | D        | Bought a brightly glowing brass amulet for 45 gold pieces
    17 | D        | Identified the amulet "Leaxkeb" {Acrobat Harm rElec Str+5
                  | Dex-2} (You bought it in a shop in the Dungeon)
    17 | D        | Bought a fine tin ring for 45 gold pieces
    17 | D        | Identified the ring "Heill" {Wiz Str+3 Dex+4} (You bought
                  | it in a shop in the Dungeon)
    32 | D        | Found a glowing golden altar of the Shining One.
    34 | D        | Found a blossoming altar of Fedhas.
    40 | D        | Noticed a black bear
    43 | D        | Found a snail-covered altar of Cheibriados.
    47 | D        | Slain by a black bear

Illustrated notes

Levels and vault maps discovered:
D:        arena_sprint

Action                   || total
-------------------------++-------
Melee: War axe           ||     3
       Constrict         ||     1
  Use: Potion            ||     1
Dodge: Dodged            ||     2
Block: Buckler           ||     1
